 Dungeon Crawl Stone Soup version 0.30-a0-585-g93115170b9 (webtiles) character file.

Game seed: 18387001944495289701

21 wormed the Poker (level 2, 0/34 HPs)
             Began as a Merfolk Gladiator on Jan 2, 2023.
             Succumbed to a kobold's poison
             ... on level 1 of the Dungeon.
             The game lasted 00:01:54 (431 turns).

wormed the Poker (Merfolk Gladiator)                 Turns: 431, Time: 00:01:55

Health: 0/34       AC: 21    Str: 14    XL:     2   Next: 83%
Magic:  2/2        EV:  2    Int:  7    God:
Gold:   38         SH:  0    Dex: 15    Spells: 1/1 levels left

rFire   . . .      SeeInvis .    a - +0 trident
rCold   . . .      Faith    .    (no shield)
rNeg    . . .      Spirit   .    (body armour currently unavailable)
rPois   +          Reflect  .    (helmet currently unavailable)
rElec   .          Harm     .    (cloak currently unavailable)
rCorr   .          Rampage  .    (gloves currently unavailable)
Will    .....      NoTele   +    (boots currently unavailable)
Stlth   +                        (no amulet)
HPRegen 0.25/turn                (no ring)
MPRegen 0.08/turn                (no ring)

@: brilliant, lethally poisoned (0 -> -3), tree-form
A: stationary, stasis, torment immunity, boosted hp, (nimble swimmer 2),
(mertail)
a: no special abilities


You were on level 1 of the Dungeon.
You were a tree.
You visited 1 branch of the dungeon, and saw 1 of its levels.

You collected 38 gold pieces.

Inventory:

Hand Weapons
 a - a +0 trident (weapon)
Missiles
 d - 3 throwing nets (quivered)
 e - a javelin
Armour
 b - a +0 leather armour (melded)
 c - a +0 helmet (melded)
Scrolls
 f - a scroll of identify {unknown}
 g - a scroll of poison {unknown}
 i - a scroll of silence {unknown}


   Skills:
 + Level 2.6 Fighting
 * Level 4.7 Polearms
 - Level 2.0 Throwing
 + Level 4.3 Dodging


You had one spell level left.
You didn't know any spells.
Your spell library was empty.

Dungeon Overview and Level Annotations

Branches:
Dungeon (1/15)

Altars:


Innate Abilities, Weirdness & Mutations

You are a tree.
Your roots penetrate the ground, keeping you stationary.
You cannot be teleported.
You are immune to unholy pain and torment.
Your maximum health is greatly increased.
Your equipment is partially melded.
((You are very nimble when in or above water. (Stealth+, EV+, Speed+++)))
((Your lower body shifts to a powerful aquatic tail in water.))


Message History

You hit the giant cockroach.
You kill the giant cockroach!
The bat hits you but does no damage. The kobold hits you but does no damage.
You closely miss the kobold. The bat hits you but does no damage.
The kobold barely misses you.
You hit the kobold.
You kill the kobold!
The bat hits you. The kobold barely misses you.
You miss the kobold. The bat hits you but does no damage.
The bat barely misses you.
The kobold hits you with a +2 whip of venom.
You are poisoned.
You hit the kobold but do no damage.
You feel very sick. The bat hits you but does no damage.
The kobold closely misses you. The bat closely misses you.
You closely miss the bat.
You feel sick. The bat closely misses you.
The kobold hits you with a +2 whip of venom.
* * * LOW HITPOINT WARNING * * *
You are too injured to fight recklessly!
It was a potion of lignification.
You turn into a tree.
Your +0 helmet melds into your body.
Your +0 leather armour melds into your body.
Your roots penetrate the ground.
* * * LOW HITPOINT WARNING * * *
You feel sick. The bat hits you but does no damage.
The kobold hits you with a +2 whip of venom.
* * * LOW HITPOINT WARNING * * *
You hit the kobold.
You kill the kobold!
* * * LOW HITPOINT WARNING * * *
You feel sick. The bat hits you but does no damage.
It was a potion of brilliance.
You feel clever all of a sudden.
* * * LOW HITPOINT WARNING * * *
You feel sick. The bat hits you but does no damage.
As you read the scroll labelled OHOLUO TOETRARCH, it crumbles to dust.
It is a scroll of amnesia.
You feel forgetful for a moment.
You die...

.... #### ##+## #...
#... #...# #... #...
#...# #... #... #...#
#...
####...###...########...
.....!.#....#......##...
..>...).................
......)♣...†#†.....##...
.....b.##.#....†...##...
.......#.###.......##...
........# #.#......##...
.......# #.#.......#####
....... #.##.......# #
....... .#.[...#####
....... ##### #######
.......


You could see a bat.

Vanquished Creatures
  A dart slug (D:1)
  3 ball pythons (D:1)
  2 endoplasms (D:1)
  2 giant cockroaches (D:1)
  A hobgoblin (D:1)
  4 kobolds (D:1)
  2 quokkas (D:1)
  A bat (D:1)
  A frilled lizard (D:1)
17 creatures vanquished.

Notes
Turn   | Place    | Note
-------+----------+-------------------------------------------
     0 | D:1      | wormed the Merfolk Gladiator began the quest for the Orb.
     0 | D:1      | Reached XP level 1. HP: 16/16 MP: 1/1
   249 | D:1      | Reached XP level 2. HP: 16/23 MP: 2/2
   429 | D:1      | HP: 1/34 [poisoned by a kobold]
   431 | D:1      | Succumbed to a kobold's poison

Illustrated notes

Levels and vault maps discovered:
D:1:      wander_arrival_fairy_ring, layout_basic, minmay_tripent

Action                   || total
-------------------------++-------
Melee: Trident           ||    62
       Punch             ||     1
  Use: Potion            ||     2
       Scroll            ||     1
 Stab: Sleeping          ||     1
Armor: Leather armour    ||    26
       Skin              ||     3
Dodge: Dodged            ||    40

Table legend: (Time is in decaauts)
 A = Elapsed time spent in this place.
 B = Non-inter-level travel time spent in this place.
 C = Inter-level travel time spent in this place.
 D = Time resting spent in this place.
 E = Time spent auto-exploring this place.
 F = Levels seen in this place.
 G = Mean time per level.
                   A        B        C        D        E       F      G
               +--------+--------+--------+--------+--------+-----+--------+
         Total |    436 |    436 |      0 |      0 |    320 |   1 |  436.0 |
       Dungeon |    436 |    436 |      0 |      0 |    320 |   1 |  436.0 |
               +--------+--------+--------+--------+--------+-----+--------+

Top non-repeatable levels by time:
     D:1: 436 daAuts
